 Dungeon Crawl Stone Soup version 0.28-a0-1545-g945cd3f27e (webtiles) character file.

Game seed: 16474850786534211925

67 Essalna the Chopper (level 3, -1/46 HPs)
             Began as a Demigod Gladiator on Jan 18, 2022.
             Succumbed to a gnoll's poison
             ... on level 2 of the Dungeon.
             The game lasted 00:02:18 (1441 turns).

Essalna the Chopper (Demigod Gladiator)             Turns: 1441, Time: 00:02:19

Health: -1/46      AC: 21    Str: 15    XL:     3   Next: 70%
Magic:  14/14      EV:  2    Int: 20    God:
Gold:   31         SH:  0    Dex: 15    Spells: 2/2 levels left

rFire   . . .      SeeInvis .   a - +0 war axe
rCold   . . .      Faith    .   (no shield)
rNeg    . . .      Spirit   .   (armour currently unavailable)
rPois   +          Reflect  .   (helmet currently unavailable)
rElec   .          Harm     .   (cloak currently unavailable)
rCorr   .          Rampage  .   (gloves currently unavailable)
Will    .....      NoTele   +   (boots currently unavailable)
Stlth   +.........              (no amulet)
HPRegen 0.15/turn               h - ring of magical power
MPRegen 0.14/turn               i - +6 ring of intelligence

@: lethally poisoned (-1 -> -15), tree-form, invisible
A: stationary, stasis, torment immunity, boosted hp, high mp 1, forlorn, divine
attributes
a: no special abilities


You were on level 2 of the Dungeon.
You were a tree.
You visited 1 branch of the dungeon, and saw 2 of its levels.

You collected 31 gold pieces.

Inventory:

Hand Weapons
 a - a +0 war axe (weapon)
Missiles
 d - 3 throwing nets (quivered)
Armour
 b - a +0 leather armour (melded)
 c - a +0 helmet (melded)
Jewellery
 h - a ring of magical power (left branch)
 i - a +6 ring of intelligence (right branch)
Scrolls
 e - 2 scrolls of teleportation {unknown}


   Skills:
 + Level 3.0 Fighting
 + Level 3.6 Axes
 - Level 1.7 Throwing
 - Level 2.6 Dodging


You had 2 spell levels left.
You didn't know any spells.
Your spell library was empty.

Dungeon Overview and Level Annotations

Branches:
Dungeon (2/15)

Shops:
D:1 *


Innate Abilities, Weirdness & Mutations

You are a tree.
Your roots penetrate the ground, keeping you stationary.
You cannot be teleported.
You are immune to unholy pain and torment.
Your maximum health is greatly increased.
Your equipment is partially melded.
You have an increased reservoir of magic. (+10% MP)
You shall have no god before yourself.
Your divine heritage dramatically boosts your attributes as you level up.


Message History

There is a stone staircase leading down here.
You see here 6 stones. 3 gnolls come into view.
A gnoll is wielding a +1 spear of venom.
The gnoll shouts! x2
A gnoll comes into view. It is wielding a +0 flail.
The gnoll shouts!
The gnoll barely misses you.
You closely miss the gnoll. The gnoll hits you with a +0 flail!
The gnoll misses you.
You are too injured to fight recklessly!
You slash the gnoll!
The gnoll is severely wounded.
The gnoll hits you with a +0 flail. The gnoll closely misses you.
You hit the gnoll.
You kill the gnoll!
The gnoll hits you from afar with a +1 spear of venom!
You are lethally poisoned!
Your Fighting skill increases to level 3!
* * * LOW HITPOINT WARNING * * *
You feel very sick.
* * * LOW HITPOINT WARNING * * *
You feel very sick.
* * * LOW HITPOINT WARNING * * *
You feel sick.
It was a potion of invisibility.
You fade into invisibility!
* * * LOW HITPOINT WARNING * * *
You feel sick. The gnoll barely misses you.
It was a potion of lignification.
You turn into a tree.
Your +0 helmet melds into your body.
Your +0 leather armour melds into your body.
Your roots penetrate the ground.
* * * LOW HITPOINT WARNING * * *
You feel sick. The gnoll hits you with a +0 club.
* * * LOW HITPOINT WARNING * * *
The gnoll hits you but does no damage.
You are more poisoned.
You hit the gnoll but do no damage.
You die...

#.#.# #...##.# #.#####. #...#
#......### #.#####. #...#
#...#....####....... ## #...#
##.##....#.......###
.####...#######.##..#.#.....).#
............##.#.#..#)#.......#
..............###...#.........#
............##.#g#######......#
.##.#...#.#####.♣.gg#.........#
.##.#...#.# #####.#.#.......#
###.#...#.# #)# #########
>##.#...#.# #g. .##.##.....
##.# ##.......# .# ######### .#
.# ..


You could see 3 gnolls.

Vanquished Creatures
  Robin (D:2)
  A gnoll (D:2)
  2 dart slugs (D:1)
  A ball python (D:1)
  6 endoplasms
  2 giant cockroaches (D:1)
  11 goblins
  7 hobgoblins
  2 quokkas (D:1)
  2 bats (D:1)
  A frilled lizard (D:1)
  2 rats (D:1)
38 creatures vanquished.

Notes
Turn   | Place    | Note
-------+----------+-------------------------------------------
     0 | D:1      | Essalna the Demigod Gladiator began the quest for the Orb.
     0 | D:1      | Reached XP level 1. HP: 17/17 MP: 3/3
   311 | D:1      | Reached XP level 2. HP: 15/24 MP: 4/4
   675 | D:1      | Found Guak's General Store.
  1185 | D:2      | Reached XP level 3. HP: 24/30 MP: 5/5
  1319 | D:2      | Noticed Robin
  1331 | D:2      | Killed Robin
  1441 | D:2      | Succumbed to a gnoll's poison

Illustrated notes

Levels and vault maps discovered:
D:1:      dpeg_arrival_more_subterranean_lakeside_camping, layout_rooms,
          serial_shops, shop
D:2:      layout_loops_cross, uniq_robin

Skill      XL: |  1  2  3 |
---------------+----------+-----
Fighting       | 2 3 |  3.0
Axes           | 3 |  3.6
Throwing       | |  1.7
Dodging        | |  2.6

Action                   || total
-------------------------++-------
Melee: War axe           ||    86
       Punch             ||     1
  Use: Potion            ||     2
 Stab: Sleeping          ||     2
Armor: Leather armour    ||    35
       Skin              ||     1
Dodge: Dodged            ||    56

Table legend: (Time is in decaauts)
 A = Elapsed time spent in this place.
 B = Non-inter-level travel time spent in this place.
 C = Inter-level travel time spent in this place.
 D = Time resting spent in this place.
 E = Time spent auto-exploring this place.
 F = Levels seen in this place.
 G = Mean time per level.
                   A        B        C        D        E       F      G
               +--------+--------+--------+--------+--------+-----+--------+
         Total |   1468 |   1454 |     14 |      0 |   1234 |   2 |  734.0 |
       Dungeon |   1468 |   1454 |     14 |      0 |   1234 |   2 |  734.0 |
               +--------+--------+--------+--------+--------+-----+--------+

Top non-repeatable levels by time:
     D:1: 1066 daAuts
     D:2: 402 daAuts
